 Dungeon Crawl Stone Soup version 0.28.0-53-g5a82cb258f (webtiles) character file.

Game seed: 12468777274353508983

332 Descartes the Grasshopper (level 6, 0/44 HPs)
             Began as a Formicid Warper on July 26, 2022.
             Slain by Grinder (4 damage)
             ... on level 3 of the Dungeon.
             The game lasted 00:04:28 (4193 turns).

Descartes the Grasshopper (Formicid Warper)         Turns: 4193, Time: 00:04:28

Health: 0/44       AC: 10    Str: 18    XL:     6   Next: 82%
Magic:  9/9        EV:  7    Int: 12    God:
Gold:   86         SH:  4    Dex: 10    Spells: 9/9 levels left

rFire   . . .      SeeInvis +   t - +2 hand axe (freeze)
rCold   . . .      Faith    .   r - +0 buckler
rNeg    . . .      Spirit   .   b - +0 chain mail
rPois   .          Reflect  .   (helmet unavailable)
rElec   .          Harm     .   d - +0 cloak
rCorr   .          Rampage  .   (no gloves)
Will    +....                   (no boots)
Stlth   ..........              (no amulet)
HPRegen 0.14/turn               m - ring of willpower
MPRegen 0.11/turn               (no ring)

@: no status effects
A: permanent stasis, dig shafts and tunnels, antennae 3, four strong arms
a: Dig, Shaft Self


You were on level 3 of the Dungeon.
You visited 1 branch of the dungeon, and saw 3 of its levels.

You collected 86 gold pieces.

Inventory:

Hand Weapons
 t - a +2 hand axe of freezing (weapon)
Missiles
 c - 5 boomerangs of dispersal (quivered)
 n - 10 javelins
 o - 92 stones
 q - 4 poisoned darts
Armour
 b - a +0 chain mail (worn)
 d - a +0 cloak (worn)
 r - a +0 buckler (worn)
Jewellery
 m - a ring of willpower (left hand)
Wands
 f - a wand of charming (6)
Scrolls
 e - a scroll of brand weapon {unknown}
 g - a scroll of vulnerability {unknown}
 h - 3 scrolls of identify {unknown}
 i - a scroll of enchant weapon {unknown}
 k - 3 scrolls of teleportation {unknown}
Potions
 a - a potion of flight {unknown}
 j - 2 potions of curing
 l - a potion of degeneration {unknown}
 p - a potion of heal wounds {unknown}
 s - 2 potions of attraction {unknown}


   Skills:
 - Level 2.1 Fighting
 + Level 3.7 Axes
 - Level 1.0 Throwing
 + Level 3.5 Armour
 - Level 1.7 Dodging
 + Level 3.4 Shields
 - Level 2.1 Spellcasting
 + Level 3.9 Translocations


You had 9 spell levels left.
You didn't know any spells.
Your spell library contained the following spells:

 Spells                   Type           Power      Damage    Failure   Level
 Gell's Gravitas          Tloc           10%        N/A       94%         3
 Lesser Beckoning         Tloc           10%        N/A       94%         3
 Teleport Other           Tloc           10%        N/A       94%         3
 Ozocubu's Armour         Ice            1%         N/A       100%        3
 Manifold Assault         Tloc           10%        N/A       100%        5
 Ozocubu's Refrigeration  Ice            0%         4d5       100%        7
 Blink                    Tloc           Unusable   N/A       N/A         2

Dungeon Overview and Level Annotations

Branches:
Dungeon (3/15)

Altars:

Portals:
Abyss: D:3

Annotations:
D:3 2 transporters, Grinder; Plasmagod's ghost, amateur FoFi


Innate Abilities, Weirdness & Mutations

You cannot be hasted, slowed, berserked, paralysed or teleported.
You can dig through walls and to a lower floor.
You have a pair of large antennae on your head. (SInv)
Your four strong arms can wield two-handed weapons with a shield.


Message History

You barely miss Grinder.
Grinder is heavily wounded.
Grinder hits you but does no damage.
You barely miss Grinder.
Grinder is moderately wounded.
Grinder hits you.
You writhe in agony.
You hit Grinder.
Grinder is heavily wounded.
Grinder gestures at you. You resist with some effort. Grinder hits you!
You are too injured to fight recklessly!
You are too injured to fight recklessly!
You are too injured to fight recklessly!
You are too injured to fight recklessly!
You are too injured to fight recklessly!
You are too injured to fight recklessly!
You are too injured to fight recklessly!
You are too injured to fight recklessly!
You are too injured to fight recklessly!
You are too injured to fight recklessly!
You are too injured to fight recklessly!
You are too injured to fight recklessly!
You are too injured to fight recklessly!
You are too injured to fight recklessly!
You hit Grinder.
Grinder is severely wounded.
Grinder hits you!
* * * LOW HITPOINT WARNING * * *
You writhe in agony.
* * * LOW HITPOINT WARNING * * *
You closely miss Grinder.
Grinder is severely wounded.
Grinder gestures at you. You resist with some effort.
You hit Grinder.
Grinder is severely wounded.
Grinder hits you.
* * * LOW HITPOINT WARNING * * *
You writhe in agony.
You die...

#.....# .. ##...## #.#
#. ##.## #.# #.# # #.#
#.# .. .# #.# #.####.##.
##'## #........ ##.)†##
#......5# ##.....## #.#
##.@# ##.......##
#.###...####.........###
#.#........'.........+..
#.#.#...####.........###
#.#.##..# #############
#.#.###.# #..........
#.......# #.....####.
###.##### #...### #. #.#
#..#######.


You could see Grinder.

Vanquished Creatures
  Sigmund (D:3)
  A scorpion (D:3)
  An orc wizard (D:3)
  2 adders (D:3)
  2 dart slugs
  7 orcs (D:3)
  2 ball pythons (D:1)
  9 bats
  6 endoplasms
  5 giant cockroaches
  8 goblins
  6 hobgoblins
  3 quokkas
  3 frilled lizards
  6 kobolds
  5 rats
67 creatures vanquished.

Notes
Turn   | Place    | Note
-------+----------+-------------------------------------------
     0 | D:1      | Descartes the Formicid Warper began the quest for the Orb.
     0 | D:1      | Reached XP level 1. HP: 16/16 MP: 3/3
    74 | D:1      | Reached XP level 2. HP: 20/22 MP: 5/5
   227 | D:1      | Reached skill level 1 in Shields
   639 | D:1      | Reached XP level 3. HP: 23/27 MP: 6/6
  1072 | D:1      | Found a faded altar of an unknown god.
  1768 | D:2      | Reached XP level 4. HP: 33/33 MP: 7/7
  2509 | D:3      | Found a transporter.
  2510 | D:3      | Noticed a scorpion
  2523 | D:3      | Killed a scorpion
  2524 | D:3      | Reached XP level 5. HP: 11/38 MP: 8/8
  2828 | D:3      | Noticed Sigmund
  2983 | D:3      | Killed Sigmund
  2984 | D:3      | Reached XP level 6. HP: 24/44 MP: 9/9
  3202 | D:3      | Noticed Plasmagod's ghost (amateur FoFi)
  3290 | D:3      | Noticed a small abomination
  3354 | D:3      | Found a one-way gate to the infinite horrors of the Abyss.
  3397 | D:3      | Found a transporter.
  4178 | D:3      | Noticed Grinder
  4193 | D:3      | Slain by Grinder

Illustrated notes

Levels and vault maps discovered:
D:1:      elethiomel_arrival_quiet, layout_basic,
          dreamdust_ecumenical_altar_angels_and_demons, hangedman_decor_push
D:2:      layout_basic
D:3:      minmay_recursive_quarters, layout_loops_corners,
          gammafunk_ghost_abyssal_escape, uniq_sigmund, uniq_grinder

Skill      XL: |  1  2  3  4  5 |
---------------+----------------+-----
Shields        | 1 2 3 |  3.4
Translocations | 3 |  3.9
Armour         | 2 3 |  3.5
Axes           | 3 |  3.7
Fighting       | |  2.1
Throwing       | |  1.0
Dodging        | |  1.7
Spellcasting   | |  2.1

Action                   |  1- 3 |  4- 6 || total
-------------------------+-------+-------++-------
Melee: Hand axe          |   131 |   108 ||   239
       Punch             |       |     3 ||     3
  Use: Potion            |       |     2 ||     2
Armor: Leather armour    |    45 |    39 ||    84
       Chain mail        |       |     3 ||     3
Dodge: Dodged            |    85 |    74 ||   159
Block: Buckler           |       |    10 ||    10
